 Dungeon Sprint DCSS version 0.29-a0-925-g0a7a3d12f8 (webtiles) character file.

Game seed: 6191733659936017129

4551 Hipnos the Carver (level 10, -6/79 HPs)
             Began as a Gnoll Chaos Knight on July 29, 2022.
             Was a Plaything of Xom.
             Mangled by a yaktaur captain (13 damage)
             ... in the Dungeon (Sprint II: "The Violet Keep of Menkaure").
             The game lasted 00:08:35 (1231 turns).

Hipnos the Carver (Gnoll Chaos Knight)              Turns: 1231, Time: 00:08:36

Health: -6/79      AC: 18    Str: 11    XL:     10   Next: 40%
Magic:  25/25      EV:  6    Int: 13    God:    Xom [...*..]
Gold:   278        SH:  0    Dex: 15    Spells: 27/27 levels left

rFire   + . .      SeeInvis .   h - +0 trident (vamp)
rCold   + . .      Faith    .   (no shield)
rNeg    . . .      Spirit   .   j - +4 plate armour {rC+}
rPois   +          Reflect  .   (no helmet)
rElec   .          Harm     .   l - scarf {shadows}
rCorr   .          Rampage  .   (no gloves)
Will    .....      NoTele   +   (no boots)
Stlth   ..........              (no amulet)
HPRegen 0.23/turn               k - ring of flight
MPRegen 0.19/turn               m - ring of poison resistance

@: flying
A: fangs 2, strong nose, distributed training, agile 1, dopey 1, fire resistance
1, frail 1, high MP 1
a: Renounce Religion


You were in the Dungeon.
You worshipped Xom.
You were a favourite toy of Xom.
You visited 1 branch You collected 984 gold pieces.
You spent 706 gold pieces at shops.

Inventory:

Hand Weapons
 a - a +0 falchion of chaos
 h - a +0 vampiric trident (weapon)
Armour
 b - a +2 leather armour
 j - a +4 plate armour of cold resistance (worn)
 l - a scarf of shadows (worn)
Jewellery
 k - a ring of flight (left hand)
 m - a ring of poison resistance (right hand)
 n - a +6 ring of intelligence
Scrolls
 i - a scroll of blinking
Potions
 f - a potion of haste
 g - 2 potions of magic
Miscellaneous
 c - a piece from Xom's chessboard (12/15) (quivered)


   Skills:
 + Level 11.3 Fighting
 + Level 9.3 Short Blades
 + Level 11.3 Long Blades
 + Level 9.3 Axes
 + Level 9.3 Maces & Flails
 + Level 9.3 Polearms
 + Level 9.3 Staves
 + Level 9.3 Ranged Weapons
 + Level 9.3 Throwing
 + Level 10.4 Armour
 + Level 9.6 Dodging
 + Level 9.3 Stealth
 + Level 9.3 Shields
 + Level 9.3 Unarmed Combat
 + Level 9.3 Spellcasting
 + Level 7.7 Conjurations
 + Level 7.7 Hexes
 + Level 7.7 Summonings
 + Level 7.7 Necromancy
 + Level 7.7 Translocations
 + Level 7.7 Transmutations
 + Level 7.7 Fire Magic
 + Level 7.7 Ice Magic
 + Level 7.7 Air Magic
 + Level 7.7 Earth Magic
 + Level 7.7 Poison Magic
 + Level 10.1 Invocations
 + Level 9.3 Evocations


You had 27 spell levels left.
You didn't know any spells.
Your spell library was empty.

Dungeon Overview and Level Annotations

Branches:
Dungeon (1/1)

Altars:
Cheibriados
Hepliaklqana
Kikubaaqudgha
Qazlal
Ru
Sif Muna
Trog
Wu Jian
Xom
Yredelemnul
Zin
The Shining One
Jiyva

Shops:
D [!:((=![[==?[:?

Annotations:
D exclusions: ice statue, obsidian statue and oklob plant, Roxanne


Innate Abilities, Weirdness & Mutations

You have extremely sharp teeth.
Your uncanny sense of smell can sniff out nearby items.
Your experience applies equally to all skills.
You are agile. (Dex +4, Str/Int -1)
You are dopey. (Int -2)
Your flesh is heat resistant. (rF+)
You are frail. (-10% HP)
You have an increased reservoir of magic. (+10% MP)


Message History

The yaktaur captain is severely wounded.
Your white imp gestures at the yaktaur captain.
The puff of frost hits the yaktaur captain.
Reach: h) +0 trident (vamp)
Press: ? - help, Dir - move target, f/p - yaktaur captain
Aim: a yaktaur captain, quivering stones (severely wounded, strong, petrified, ally target, about 2% to evade your +0 vampiric trident)
You reach to attack!
The helpless yaktaur captain fails to defend itself.
You puncture the yaktaur captain!
You feel better.
The yaktaur captain is almost dead.
Reach: h) +0 trident (vamp)
Press: ? - help, Dir - move target, f/p - yaktaur captain
Aim: a yaktaur captain, quivering stones (almost dead, strong, petrified, ally target, about 2% to evade your +0 vampiric trident)
You could not reach far enough!
The yaktaur captain is no longer petrified.
The yaktaur captain wields a +0 arbalest.
The yaktaur captain shoots a bolt.
The bolt hits your crimson imp!!!
Your crimson imp dies!
Your crimson imp disappears in a puff of smoke!
Reach: h) +0 trident (vamp)
Press: ? - help, Dir - move target, f/p - yaktaur captain
Aim: a yaktaur captain, wielding a +0 arbalest and quivering stones (almost dead, strong, ally target, about 18% to evade your +0 vampiric trident)
You could not reach far enough!
Your white imp closely misses the yaktaur captain.
Unknown command.
Reach: h) +0 trident (vamp)
Press: ? - help, Dir - move target, f/p - yaktaur captain
Aim: a yaktaur captain, wielding a +0 arbalest and quivering stones (almost dead, strong, ally target, about 18% to evade your +0 vampiric trident)
You reach to attack!
You barely miss the yaktaur captain.
The yaktaur captain is almost dead. "Take this instrument of something!"
Something appears at your feet!
Your white imp disappears in a puff of smoke!
The yaktaur captain shoots a bolt.
The bolt hits you!
* * * LOW HITPOINT WARNING * * *
Okay, then.
The yaktaur captain unwields a +0 arbalest.
The yaktaur captain hits you!
You die...
Xom snickers!

###########≈≈#+++#+++## * ∆
##########≈≈≈.........#
#.......∩#≈≈≈≈.##+##..#∆
#∩.....∩.#c@≈≈##h..##.#### ∆
#.∩...∩.∩#≈b≈≈#..#..#.z..#∆
#∩.∩.∩.∩.#≈≈####..)####..##
#...∩.∩.b#≈##.###+###.##..#
#..∩.∩...#≈#§#.##$##...#..#∆
#...⌠....'≈c.##c@<.'.##+..### .#
#........#≈#..###.##...#....###..
▓▓▓▓▓▓▓###≈##.###'###.##...§..≈≈≈
#GGG######≈≈####.#.####≈≈.....≈#+
#[.s#h∆ ##≈≈≈#..#..#≈≈≈≈≈≈≈..≈#.
#∩P?+? #'#≈##.#.##≈≈≈≈≈≈≈≈.≈#_
#(/.#$# #.#≈≈##'##≈≈§≈≈§§≈§≈≈#. ∆
∆ ####≈≈≈≈≈≈≈≈≈≈§≈≈≈§≈§#_
∆#+++#+++#≈§≈≈≈≈≈≈§#.


You could see a yaktaur captain (strong).

Vanquished Creatures
  Kirke (D)
  A centaur warrior (D)
  A skeletal warrior (D)
  3 necrophages (D)
6 creatures vanquished.

Vanquished Creatures (collateral kills)
  2 boulder beetles (D)
  A merfolk siren (D)
  4 neqoxecs (D)
  Menkaure (D)
  A necrophage (D)
  A hell rat (D)
10 creatures vanquished.

Vanquished Creatures (others)
  A kobold demonologist (D)
  A water moccasin (D)
2 creatures vanquished.

Grand Total: 18 creatures vanquished

Notes
Turn   | Place    | Note
-------+----------+-------------------------------------------
     0 | D        | Hipnos the Gnoll Chaos Knight began the quest for the Orb.
     0 | D        | Reached XP level 1. HP: 23/23 MP: 1/1
   190 | D        | Noticed a necrophage
   190 | D        | Noticed a necrophage
   190 | D        | Noticed a necrophage
   190 | D        | Noticed a necrophage
   195 | D        | Killed a necrophage
   195 | D        | XOM: divination: magic mapping
   196 | D        | Reached skill level 5 in Armour
   196 | D        | Reached XP level 2. HP: 31/31 MP: 1/5
   196 | D        | Reached XP level 3. HP: 36/36 MP: 1/6
   196 | D        | Reached XP level 4. HP: 43/43 MP: 1/7
   197 | D        | XOM: summons friendly rust devil
   198 | D        | Killed a necrophage
   199 | D        | Reached XP level 5. HP: 39/48 MP: 1/9
   215 | D        | Reached skill level 5 in Dodging
   215 | D        | Reached XP level 6. HP: 5/56 MP: 3/12
   278 | D        | Killed a water moccasin
   493 | D        | XOM: give mutation
   493 | D        | Gained mutation: You are frail. (-10% HP) [Xom's mischief]
   495 | D        | Noticed a boulder beetle
   495 | D        | Noticed a boulder beetle
   495 | D        | XOM: enchant monster (good)
   498 | D        | Noticed a neqoxec
   501 | D        | Noticed a merfolk siren
   509 | D        | Killed a merfolk siren
   510 | D        | Reached skill level 5 in Short Blades
   510 | D        | Reached skill level 5 in Axes
   510 | D        | Reached skill level 5 in Maces & Flails
   510 | D        | Reached skill level 5 in Polearms
   510 | D        | Reached skill level 5 in Staves
   510 | D        | Reached skill level 5 in Ranged Weapons
   510 | D        | Reached skill level 5 in Throwing
   510 | D        | Reached skill level 5 in Stealth
   510 | D        | Reached skill level 5 in Shields
   510 | D        | Reached skill level 5 in Unarmed Combat
   510 | D        | Reached skill level 5 in Spellcasting
   510 | D        | Reached skill level 5 in Evocations
   510 | D        | Reached XP level 7. HP: 39/56 MP: 12/15
   542 | D        | Noticed a neqoxec
   542 | D        | Killed a neqoxec
   544 | D        | Killed a neqoxec
   544 | D        | Noticed a neqoxec
   545 | D        | Reached skill level 5 in Conjurations
   545 | D        | Reached skill level 5 in Hexes
   545 | D        | Reached skill level 5 in Summonings
   545 | D        | Reached skill level 5 in Necromancy
   545 | D        | Reached skill level 5 in Translocations
   545 | D        | Reached skill level 5 in Transmutations
   545 | D        | Reached skill level 5 in Fire Magic
   545 | D        | Reached skill level 5 in Ice Magic
   545 | D        | Reached skill level 5 in Air Magic
   545 | D        | Reached skill level 5 in Earth Magic
   545 | D        | Reached skill level 5 in Poison Magic
   547 | D        | Killed a neqoxec
   548 | D        | Reached XP level 8. HP: 52/63 MP: 15/17
   552 | D        | Found Gebaxooh's Antique Armour Emporium.
   552 | D        | Found Zyowun's Jewellery Emporium.
   552 | D        | Found Buptiy's Antique Armour Emporium.
   552 | D        | Found Cisidor's Antique Armour Shoppe.
   552 | D        | Found Epejecek's Jewellery Shoppe.
   554 | D        | Found Vanocog's Distillery.
   554 | D        | Found Daco's Magic Scroll Emporium.
   554 | D        | Found Ebasusm's Magic Scroll Shoppe.
   554 | D        | Found Eheah's Book Shoppe.
   555 | D        | Found Vosic's Jewellery Shoppe.
   555 | D        | Found Cethrac's Weapon Emporium.
   555 | D        | Noticed Menkaure
   555 | D        | Noticed a shining eye
   555 | D        | Gained mutation: You are dopey. (Int -2) [a neqoxec]
   559 | D        | Killed Menkaure
   585 | D        | XOM: god gift: +4 plate armour of cold resistance
   607 | D        | Killed a boulder beetle
   608 | D        | Reached skill level 10 in Fighting
   608 | D        | Reached skill level 10 in Long Blades
   608 | D        | Reached XP level 9. HP: 42/70 MP: 18/20
   615 | D        | Killed a boulder beetle
   641 | D        | XOM: divination: detect items
   649 | D        | Noticed an ice statue
   753 | D        | Found Xoyjaos's Antique Weapon Shoppe.
   753 | D        | Noticed a shining eye
   753 | D        | Noticed a shining eye
   753 | D        | Noticed an oklob plant
   754 | D        | Found Livytiupp's Distillery.
   754 | D        | Found Putwuorch's Book Shoppe.
   754 | D        | Found Jereaxu's Antique Armour Emporium.
   769 | D        | Noticed a hell hog
   772 | D        | Bought a potion of heal wounds for 70 gold pieces
   775 | D        | Noticed a hell hog
   779 | D        | Bought a ring of flight for 192 gold pieces
   782 | D        | Bought a glowing scarf for 224 gold pieces
   788 | D        | Bought a ring of poison resistance for 220 gold pieces
   809 | D        | Noticed Roxanne
   817 | D        | Found a hazy altar of Hepliaklqana.
   817 | D        | Found a stormy altar of Qazlal.
   817 | D        | Found a sacrificial altar of Ru.
   818 | D        | Found a viscous altar of Jiyva.
   818 | D        | Found an ornate altar of the Wu Jian Council.
   818 | D        | Found a shimmering blue altar of Sif Muna.
   818 | D        | Found a shimmering altar of Xom.
   819 | D        | Found a snail-covered altar of Cheibriados.
   819 | D        | Found an ancient bone altar of Kikubaaqudgha.
   819 | D        | Found a bloodstained altar of Trog.
   819 | D        | Found a glowing golden altar of the Shining One.
   819 | D        | Found a basalt altar of Yredelemnul.
   820 | D        | Found a glowing silver altar of Zin.
   841 | D        | Noticed an obsidian statue
   844 | D        | Noticed a skeletal warrior
   845 | D        | XOM: give mutations
   845 | D        | Gained mutation: You are agile. (Dex +4, Str/Int -1) [Xom's
                  | grace]
   845 | D        | Gained mutation: Your flesh is heat resistant. (rF+) [Xom's
                  | grace]
   845 | D        | Gained mutation: You have extremely sharp teeth. [Xom's
                  | grace]
   845 | D        | Gained mutation: You have an increased reservoir of magic.
                  | (+10% MP) [Xom's grace]
   858 | D        | XOM: summons 3 friendly demons
   884 | D        | XOM: confuse monster(s)
   884 | D        | Killed a skeletal warrior
  1018 | D        | Noticed a centaur warrior
  1018 | D        | Noticed Kirke
  1022 | D        | XOM: butterfly on damage
  1045 | D        | Noticed a lindwurm
  1050 | D        | XOM: confuse monster(s)
  1051 | D        | Killed Kirke
  1052 | D        | Reached skill level 10 in Armour
  1052 | D        | Reached XP level 10. HP: 55/78 MP: 23/25
  1057 | D        | XOM: summons 2 friendly demons
  1059 | D        | XOM: confuse monster(s)
  1072 | D        | Killed a centaur warrior
  1073 | D        | Reached skill level 10 in Invocations
  1199 | D        | Noticed a kobold demonologist
  1200 | D        | XOM: summons 6 friendly demons
  1201 | D        | Noticed a yaktaur captain
  1204 | D        | Killed a kobold demonologist
  1230 | D        | XOM: god gift: 37 gold pieces
  1231 | D        | Mangled by a yaktaur captain

Illustrated notes

Levels and vault maps discovered:
D:        the_violet_keep_of_menkaure [sprint2_stairs_cluster_1,
          sprint2_shoproom, sprint2_temple, sprint2_basic_supplies,
          sprint2_obstacle_2, sprint2_obstacle_6, sprint2_obstacle_3,
          sprint2_obstacle_5, sprint2_obstacle_4, sprint2_timed_cluster_1,
          sprint2_smallroom_cluster_1, sprint2_smallroom_final_cluster_1,
          sprint2_transparent_cluster_1, sprint2_second_timed_cluster_1,
          sprint2_sniper_area_1, sprint2_heavy_combat_area_1,
          sprint2_mutation_trap_area_1, sprint2_forest_area_1,
          sprint2_light_combat_area_1, sprint2_behind_water_1,
          sprint2_near_end_vault_1]

Skill      XL: |  1  2  3  4  5  6  7  8  9 10 |
---------------+-------------------------------+-----
Fighting       | 7 8 9 10 11 | 11.3
Short Blades   | 2 3 4 5 6 7 9 |  9.3
Long Blades    | 7 8 9 10 11 | 11.3
Axes           | 2 3 4 5 6 7 9 |  9.3
Maces & Flails | 2 3 4 5 6 7 9 |  9.3
Polearms       | 2 3 4 5 6 7 9 |  9.3
Staves         | 2 3 4 5 6 7 9 |  9.3
Ranged Weapons | 2 3 4 5 6 7 9 |  9.3
Throwing       | 2 3 4 5 6 7 9 |  9.3
Armour         | 5 6 7 8 10 | 10.4
Dodging        | 3 4 5 6 7 8 9 |  9.6
Stealth        | 2 3 4 5 6 7 9 |  9.3
Shields        | 2 3 4 5 6 7 9 |  9.3
Unarmed Combat | 2 3 4 5 6 7 9 |  9.3
Spellcasting   | 2 3 4 5 6 7 9 |  9.3
Conjurations   | 2 3 4 5 6 7 |  7.7
Hexes          | 2 3 4 5 6 7 |  7.7
Summonings     | 2 3 4 5 6 7 |  7.7
Necromancy     | 2 3 4 5 6 7 |  7.7
Translocations | 2 3 4 5 6 7 |  7.7
Transmutations | 2 3 4 5 6 7 |  7.7
Fire Magic     | 2 3 4 5 6 7 |  7.7
Ice Magic      | 2 3 4 5 6 7 |  7.7
Air Magic      | 2 3 4 5 6 7 |  7.7
Earth Magic    | 2 3 4 5 6 7 |  7.7
Poison Magic   | 2 3 4 5 6 7 |  7.7
Invocations    | 2 3 4 6 7 8 9 10 | 10.1
Evocations     | 2 3 4 5 6 7 9 |  9.3

Action                   |  1- 3 |  4- 6 |  7- 9 | 10-12 || total
-------------------------+-------+-------+-------+-------++-------
Melee: Falchion          |     4 |    22 |     3 |       ||    29
       Bite              |       |     1 |     7 |     4 ||    12
       Trident           |       |       |    20 |    28 ||    48
       Punch             |       |       |     1 |       ||     1
Evoke: Piece from Xom's  |       |       |     8 |     3 ||    11
  Use: Potion            |     1 |       |     2 |     1 ||     4
 Stab: Petrified         |       |       |       |     7 ||     7
       Confused          |       |       |       |     3 ||     3
       Petrifying        |       |       |       |     1 ||     1
Armor: Leather armour    |       |     5 |       |       ||     5
       Plate armour      |       |       |    10 |    21 ||    31
Dodge: Dodged            |       |     9 |     7 |     5 ||    21

Table legend: (Time is in decaauts)
 A = Elapsed time spent in this place.
 B = Non-inter-level travel time spent in this place.
 C = Inter-level travel time spent in this place.
 D = Time resting spent in this place.
 E = Time spent auto-exploring this place.
 F = Levels seen in this place.
 G = Mean time per level.
                   A        B        C        D        E       F      G
               +--------+--------+--------+--------+--------+-----+--------+
         Total |   1277 |   1277 |      0 |    834 |      0 |   1 | 1277.0 |
       Dungeon |   1277 |   1277 |      0 |    834 |      0 |   1 | 1277.0 |
               +--------+--------+--------+--------+--------+-----+--------+

Top non-repeatable levels by time:
       D: 1277 daAuts
